 Dungeon Crawl Stone Soup version 0.19.1 (webtiles) character file.

180 HessuHobo the Shield-Bearer (level 5, 0/33 HPs)
             Began as a Gargoyle Fighter on Dec 27, 2016.
             Slain by Menkaure (18 damage)
             ... on level 5 of the Dungeon.
             The game lasted 00:04:43 (3378 turns).

HessuHobo the Shield-Bearer (Gargoyle Fighter)      Turns: 3378, Time: 00:04:43

Health: 0/33       AC: 11    Str: 19 (20) XL:     5   Next: 60%
Magic:  5/5        EV:  7    Int:  7 (9)  God:
Gold:   182        SH:  9    Dex:  8 (9)  Spells: 0 memorised, 4 levels left

rFire  . . .     SeeInvis +     a - +1 war axe
rCold  . . .     Gourm    .     b - +0 scale mail
rNeg   + . .     Faith    .     c - +0 shield
rPois  ∞         Spirit   .     (no helmet)
rElec  +         Reflect  .     (no cloak)
rCorr  .         Harm     .     (no gloves)
MR     .....                    (no boots)
Stlth  ..........               (no amulet)
                                (no ring)
                                (no ring)

@: no status effects
A: hooves 1, see invisible, deterioration 1, negative energy resistance 1,
electricity resistance, unbreathing, petrification resistance, rot immunity, AC
+4
a: no special abilities


You were on level 5 of the Dungeon.
You were not hungry.

You visited 1 branch of the dungeon, and saw 5 of its levels.

You collected 182 gold pieces.

Inventory:

Hand Weapons
 a - a +1 war axe (weapon)
Armour
 b - a +0 scale mail (worn)
 c - a +0 shield (worn)
Jewellery
 l - an uncursed ring of protection from magic {unknown}
Wands
 o - a wand of polymorph (13/24)
 p - a wand of iceblast (10/15)
 s - a wand of acid (9/15)
 t - a wand of iceblast (9/15)
 v - a wand of confusion (17/48)
Scrolls
 e - 4 scrolls of identify
 j - 3 scrolls of amnesia
 m - 6 scrolls of remove curse
 q - a scroll of fear
Potions
 d - a potion of might
 g - 2 potions of curing
 k - a potion of heal wounds
 n - 2 potions of berserk rage {unknown}
Comestibles
 f - 3 bread rations
 h - 2 meat rations
 r - a beef jerky


   Skills:
 + Level 3.9 Fighting
 + Level 3.2 Axes
 + Level 4.1 Armour
 + Level 0.5 Dodging
 + Level 0.2 Stealth
 + Level 4.5 Shields


You had 4 spell levels left.
You didn't know any spells.

Dungeon Overview and Level Annotations

Branches:
Dungeon (5/15)             Temple (0/1) D:4

Altars:
Sif Muna

Annotations:
D:5 Menkaure


Innate Abilities, Weirdness & Mutations

You are resistant to torment.
Your stone body is resilient. (AC +4)
You are immune to poison.
You resist negative energy. (rN+)
You are resistant to electric shocks. (rElec)
You can survive without breathing.
You are immune to petrification.
You are immune to rotting.
You have large cloven feet.
You have supernaturally acute eyesight. (SInv)
Your body sometimes deteriorates upon taking damage.


Message History

You hit Menkaure.
Menkaure is lightly damaged.
Menkaure hits you. Menkaure closely misses you.
You hit Menkaure.
Menkaure is moderately damaged.
Menkaure calls on the powers of darkness!
Your body is wracked with pain!
Menkaure hits you but does no damage.
You hit Menkaure. You kick Menkaure, but do no damage.
Menkaure is moderately damaged.
Menkaure hits you!
Your body deteriorates!
You feel weakened.
You hit Menkaure but do no damage. Your kick misses Menkaure.
Menkaure is moderately damaged.
You block Menkaure's attack.
Menkaure mumbles some strange words.
You slash Menkaure!
Menkaure is severely damaged.
Menkaure hits you!!
Ouch! That really hurt!
You die...

########
#......#
#......#
#.<....#
#......#
#@.....#
#M.....#
+........
#......###
+......#
#......#
.......#
.##.####


You could see Menkaure.

Vanquished Creatures
  A scorpion (D:4)
  2 worker ants (D:4)
  2 adders
  3 oozes
  A worm (D:2)
  2 leopard geckos
  4 orcs (D:3)
  3 giant cockroaches (D:2)
  2 goblins (D:2)
  6 hobgoblins
  4 kobolds
  A quokka (D:2)
  6 bats
  A frilled lizard (D:2)
  A leopard gecko skeleton (D:4)
  10 rats
49 creatures vanquished.

Notes
Turn   | Place    | Note
-------+----------+-------------------------------------------
     0 | D:1      | HessuHobo the Gargoyle Fighter began the quest for the Orb.
     0 | D:1      | Reached XP level 1. HP: 14/14 MP: 1/1
    59 | D:1      | Reached XP level 2. HP: 19/19 MP: 2/2
   757 | D:2      | Reached XP level 3. HP: 23/23 MP: 3/3
  1364 | D:2      | Reached XP level 4. HP: 29/29 MP: 4/4
  2820 | D:4      | Gained mutation: Your body sometimes deteriorates upon taking damage. [potion of mutation]
  2820 | D:4      | Gained mutation: You have large cloven feet. [potion of mutation]
  2820 | D:4      | Gained mutation: You have supernaturally acute eyesight. (SInv) [potion of mutation]
  3061 | D:4      | Reached XP level 5. HP: 28/33 MP: 5/5
  3110 | D:4      | Found a staircase to the Ecumenical Temple.
  3209 | D:4      | Found a deep blue altar of Sif Muna.
  3371 | D:5      | Entered Level 5 of the Dungeon
  3371 | D:5      | Noticed Menkaure
  3378 | D:5      | Slain by Menkaure

Skill      XL: |  1  2  3  4 |
---------------+-------------+-----
Axes           | 2 3 |  3.2
Shields        | 4 |  4.5
Armour         | 4 |  4.1
Fighting       | |  3.9
Dodging        | |  0.5
Stealth        | |  0.2

Action                   |  1- 3 |  4- 6 || total
-------------------------+-------+-------++-------
Melee: War axe           |   110 |    65 ||   175
       Kick              |       |     4 ||     4
  Use: Potion            |       |     7 ||     7
       Scroll            |       |     6 ||     6
  Eat: Chunk             |     2 |       ||     2
       Meat ration       |       |     1 ||     1
       Bread ration      |       |     1 ||     1
Armor: Scale mail        |    63 |    47 ||   110
Dodge: Dodged            |    35 |    20 ||    55
Block: Shield            |    66 |    35 ||   101
